 Dungeon Crawl Stone Soup version 0.30-a0-800-g7c544603b3 (webtiles) character file.

Game seed: 18117838136105709826

116 rocky1 the Digger (level 4, -1/24 HPs)
             Began as a Deep Elf Earth Elementalist on Feb 23, 2023.
             Slain by an orc
             ... wielding a +4 hand axe
              (6 damage)
             ... on level 3 of the Dungeon.
             The game lasted 00:05:40 (1895 turns).

rocky1 the Digger (Deep Elf Earth Elementalist)     Turns: 1895, Time: 00:05:41

Health: -1/24      AC:  8    Str:  5    XL:     4   Next: 69%
Magic:  8/12       EV: 12    Int: 22    God:
Gold:   135        SH:  0    Dex: 15    Spells: 10/11 levels left

rFire   . . .      SeeInvis .    q - +2 whip (flame)
rCold   . . .      Faith    .    (no shield)
rNeg    . . .      Spirit   .    m - +0 leather armour
rPois   .          Reflect  .    r - +0 helmet
rElec   .          Harm     .    (no cloak)
rCorr   .          Rampage  .    (no gloves)
Will    .....                    (no boots)
Stlth   ++                       (no amulet)
HPRegen 0.24/turn                k - +4 ring of protection
MPRegen 0.13/turn                (no ring)

@: no status effects
A: no striking features
a: no special abilities


You were on level 3 of the Dungeon.
You visited 1 branch of the dungeon, and saw 3 of its levels.

You collected 135 gold pieces.

Inventory:

Hand Weapons
 q - a +2 whip of flaming (weapon)
Missiles
 l - 5 poisoned darts
Armour
 m - a +0 leather armour (worn)
 r - a +0 helmet (worn)
Jewellery
 k - a +4 ring of protection (left hand)
Wands
 p - a wand of flame (12)
Scrolls
 t - a scroll of fear {unknown}
Potions
 b - a potion of magic
 d - a potion of heal wounds {unknown}
 i - a potion of brilliance {unknown}
 j - 2 potions of ambrosia {unknown}
 o - a potion of might {unknown}


   Skills:
 + Level 0.1 Armour
 - Level 2.7 Dodging
 - Level 2.8 Stealth
 + Level 4.4 Spellcasting
 + Level 1.5 Transmutations
 * Level 4.8 Earth Magic


You had 10 spell levels left.
You knew the following spells:

 Your Spells              Type           Power      Damage    Failure   Level
a - Sandblast             Erth           52%        2d12      2%          1

Your spell library contained the following spells:

 Spells                   Type           Power      Damage    Failure   Level
 Passwall                 Tmut/Erth      15%        N/A       8%          2
 Stone Arrow              Conj/Erth      30%        3d8       21%         3
 Ensorcelled Hibernation  Hex/Ice        8%         N/A       26%         2
 Petrify                  Tmut/Erth      19%        N/A       43%         4
 Swiftness                Air            4%         N/A       47%         3


Dungeon Overview and Level Annotations

Branches:
Dungeon (3/15)

Altars:
Elyvilon
Nemelex Xobeh
Qazlal


Message History

Aim: an orc, wielding a +1 hand axe of electrocution and wearing a +0 ring mail (85% to hit)
Okay, then.
As you read the scroll labelled KUZAMMORGHA, it crumbles to dust.
You hear a loud clanging noise!
It was a scroll of noise.
You hear an angry hiss.
The orc priest hits the bush but does no damage.
The orc completely misses you. The orc wizard misses you.
The orc hits you with a +1 hand axe of electrocution.
Aiming: Sandblast (safe; 2% risk of failure)
Press: ? - help, Q - select action, (/) - cycle Shift-Dir - straight line, f - orc
Aim: an orc, wielding a +1 hand axe of electrocution and wearing a +0 ring mail (85% to hit)
The blast of sand hits the orc but does no damage.
The orc priest hits the bush with a +0 mace.
The orc closely misses you.
The orc wizard hits you with a +0 dagger.
The orc misses you.
Unknown command.
Aiming: Sandblast (safe; 2% risk of failure)
Press: ? - help, Q - select action, (/) - cycle Shift-Dir - straight line, f/p - orc
Aim: an orc, wielding a +1 hand axe of electrocution and wearing a +0 ring mail (85% to hit)
The blast of sand hits the orc.
The orc is heavily wounded.
The orc priest hits something with a +0 mace.
The orc completely misses you.
The orc wizard hits you with a +0 dagger.
The orc closely misses you.
The orc priest hits something with a +0 mace!
The orc hits you with a +4 hand axe.
* * * LOW HITPOINT WARNING * * *
The orc hits you but does no damage. The orc wizard casts a spell at you.
You resist with some effort.
Aiming: Sandblast (safe; 2% risk of failure)
Press: ? - help, Q - select action, (/) - cycle Shift-Dir - straight line, f/p - orc
Aim: an orc, wielding a +1 hand axe of electrocution and wearing a +0 ring mail (heavily wounded, 85% to hit)
The blast of sand hits the orc!
You kill the orc!
The orc hits you with a +4 hand axe.
You die...

######P#
#_@_._#
....oPoo)^..P..
#####..P⌠...##.
##..!P.##
###+###


You could see an orc priest, an orc wizard and an orc.

Vanquished Creatures
  Terence (D:2)
  Robin (D:2)
  2 adders (D:2)
  2 dart slugs (D:2)
  2 orcs (D:3)
  4 endoplasms (D:1)
  9 hobgoblins
  4 kobolds
  5 quokkas
  2 ball pythons
  3 bats (D:1)
  3 frilled lizards
  15 goblins
  4 rats
57 creatures vanquished.

Notes
Turn   | Place    | Note
-------+----------+-------------------------------------------
     0 | D:1      | rocky1 the Deep Elf Earth Elementalist began the quest for
                  | the Orb.
     0 | D:1      | Reached XP level 1. HP: 10/10 MP: 6/6
   179 | D:1      | Reached XP level 2. HP: 15/15 MP: 6/8
   830 | D:2      | Noticed Terence
   836 | D:2      | Killed Terence
   837 | D:2      | Reached XP level 3. HP: 19/19 MP: 6/10
  1009 | D:2      | Reached XP level 4. HP: 24/24 MP: 9/12
  1259 | D:2      | Noticed Robin
  1414 | D:2      | Killed Robin
  1889 | D:3      | Found a stormy altar of Qazlal.
  1889 | D:3      | Found a white marble altar of Elyvilon.
  1889 | D:3      | Found a sparkling altar of Nemelex Xobeh.
  1895 | D:3      | Slain by an orc

Illustrated notes

Levels and vault maps discovered:
D:1:      spicycebolla_arrival_ecumenical, layout_rooms
D:2:      layout_basic, st_stairs_5, uniq_terence, uniq_robin
D:3:      layout_rooms, gammafunk_temple_overflow_forgotten,
          minmay_ogre_servants, uniq_natasha, uniq_ijyb

Skill      XL: |  1  2  3 |
---------------+----------+-----
Earth Magic    | 4 |  4.8
Spellcasting   | 4 |  4.4
Armour         | |  0.1
Dodging        | |  2.7
Stealth        | |  2.8
Transmutations | |  1.5

Action                     |  1- 3 |  4- 6 || total
---------------------------+-------+-------++-------
  Melee: Dagger            |       |     1 ||     1
   Cast: Sandblast         |    45 |    30 ||    75
    Use: Scroll            |       |     5 ||     5
 Armour: Robe              |     4 |       ||     4
         Leather armour    |       |     6 ||     6
  Dodge: Dodged            |    10 |    19 ||    29

Table legend: (Time is in decaauts)
 A = Elapsed time spent in this place.
 B = Non-inter-level travel time spent in this place.
 C = Inter-level travel time spent in this place.
 D = Time resting spent in this place.
 E = Time spent auto-exploring this place.
 F = Levels seen in this place.
 G = Mean time per level.
                   A        B        C        D        E       F      G
               +--------+--------+--------+--------+--------+-----+--------+
         Total |   1930 |   1866 |     64 |    151 |   1256 |   3 |  643.3 |
       Dungeon |   1930 |   1866 |     64 |    151 |   1256 |   3 |  643.3 |
               +--------+--------+--------+--------+--------+-----+--------+

Top non-repeatable levels by time:
     D:2: 1190 daAuts
     D:1: 732 daAuts
     D:3: 7 daAuts
